 Dungeon Crawl Stone Soup version 0.30.1-11-g7821555f0a (webtiles) character file.

Game seed: 9905269829284967622

9113 Dordric the Thaumaturge (level 11, -2/59 (68) HPs)
             Began as a Mummy Necromancer on Nov 9, 2023.
             Was a Priest of Kikubaaqudgha.
             Hit by a large rock thrown by a cyclops (21 damage)
             ... on level 11 of the Dungeon.
             The game lasted 00:26:28 (13217 turns).

Dordric the Thaumaturge (Mummy Necromancer)        Turns: 13217, Time: 00:26:28

HP:   -2/59 (68)    AC:  5    Str: 15    XL:     11   Next: 18%
MP:   19/29         EV: 12    Int: 19    God:    Kikubaaqudgha [***...]
Gold: 496           SH:  0    Dex: 13    Spells: 3/39 levels left

rFire   x . .        u - +2 dagger (venom)
rCold   + . .        (no shield)
rNeg    + + +        a - +0 robe
rPois   ∞            v - +1 helmet of the Arena {rCorr Str+4}
rElec   .            g - +0 cloak
rCorr   +            (no gloves)
SInv    .            (no boots)
Will    +....        (no amulet)
Stlth   ++           (no ring)
HPRegen 0.29/turn    (no ring)
MPRegen 0.21/turn

%: faith
@: death channelling, animating dead, heavily drained
A: cold resistance 1, negative energy resistance 3, torment resistance 2, heat
vulnerability 1, in touch with death 1, no potions, faith
a: Renounce Religion, Unearth Wretches


You were on level 11 of the Dungeon.
You worshipped Kikubaaqudgha.
Kikubaaqudgha was most pleased with you.
You visited 2 branches of the dungeon, and saw 12 of its levels.

You collected 496 gold pieces.

Inventory:

Hand Weapons
 d - a +0 dagger of protection
 u - a +2 dagger of venom (weapon)
Missiles
 n - a throwing net
Armour
 a - a +0 robe (worn)
 g - a +0 cloak (worn)
 v - the +1 helmet of the Arena (worn) {rCorr Str+4}
   (You found it on level 8 of the Dungeon)

   Str:       It affects your strength (+4).
   rCorr:     It protects you from acid and corrosion.
Jewellery
 w - a +6 ring of intelligence
Wands
 c - a wand of roots (1)
 o - a wand of flame (1)
 p - a wand of paralysis (19)
 t - a wand of polymorph (2)
Scrolls
 b - a scroll of fear
 e - a scroll of silence
 f - a scroll of immolation
 h - a scroll of enchant weapon {unknown}
 i - a scroll of magic mapping
 j - 2 scrolls of brand weapon
 k - 5 scrolls of teleportation
 l - 5 scrolls of vulnerability
 m - 3 scrolls of noise
 q - 5 scrolls of identify
 r - 3 scrolls of amnesia
 s - 2 scrolls of blinking
 x - a scroll of enchant armour {unknown}


   Skills:
 - Level 1.5 Dodging
 - Level 1.5 Stealth
 + Level 14.8 Spellcasting
 + Level 13.0 Necromancy


You had 3 spell levels left.
You knew the following spells:

 Your Spells              Type           Power      Damage    Failure   Level
a - Necrotise             Necr           100%       1d9       1%          1
b - Vampiric Draining     Necr           76%        2d11      1%          3
c - Animate Dead          Necr           76%        N/A       1%          4
d - Agony                 Necr           76%        N/A       1%          5
e - Cigotuvi's Dreadful   Necr/Pois/Air  90%        N/A       1%          2
f - Kiss of Death         Conj/Necr      100%       2d13      1%          1
g - Dispel Undead         Necr           76%        3d25      1%          4
h - Death Channel         Necr           38%        N/A       3%          6
i - Anguish               Hex/Necr       27%        N/A       3%          4
j - Simulacrum            Ice/Necr       27%        N/A       43%         6

Your spell library contained the following spells:

 Spells                   Type           Power      Damage    Failure   Level
 Slow                     Hex            56%        N/A       4%          1
 Ensorcelled Hibernation  Hex/Ice        28%        N/A       7%          2
 Confusing Touch          Hex            14%        N/A       14%         3
 Olgreb's Toxic Radiance  Pois           14%        N/A       41%         4
 Discord                  Hex            7%         N/A       100%        8
 Ignition                 Fire           7%         3d4       100%        8
 Spider Form              Tmut/Pois      Unusable   N/A       N/A         3

Dungeon Overview and Level Annotations

Branches:
Dungeon (11/15)            Temple (1/1) D:6            Lair (0/5) D:9
    Orc (0/2) D:10

Altars:
Ashenzari
Cheibriados
Dithmenos
Fedhas
Gozag
Hepliaklqana
Kikubaaqudgha
Makhleb
Nemelex Xobeh
Okawaru
Qazlal
Sif Muna
Trog
Uskayaw
Vehumet
Wu Jian
Xom
Yredelemnul

Shops:
D:1 ?   D:9 [


Innate Abilities, Weirdness & Mutations

You are immune to poison.
Your flesh is cold resistant. (rC+)
You are immune to negative energy. (rN+++)
You are immune to unholy pain and torment.
You are vulnerable to heat. (rF-)
You are in touch with the powers of death.
You do not drink.
You have a special connection with the divine. (Faith)


Message History

You feel a surge of power!
You call upon the dead to rise.
You feel a surge of power!
The cyclops writhes in agony.
The cyclops throws a large rock.
The large rock hits you!
You feel a surge of power!
The cyclops writhes in agony.
You feel a surge of power!
The cyclops struggles to resist.
The cyclops throws a large rock.
The large rock hits you!!
Ouch! That really hurt!
* * * LOW HITPOINT WARNING * * *
You hear a shout!
You are too injured to fight recklessly!
You are too injured to fight recklessly!
You climb upwards.
There is a stone staircase leading down here.
You start resting.
Your reaping aura is weakening.
You start resting.
Your reaping aura expires.
You start resting.
Magic restored.
You start resting.
Your unholy channel is weakening.
You start resting.
Your unholy channel expires.
You start resting.
HP restored.
You climb downwards.
There is a stone staircase leading up here.
Casting: Necrotise (safe; 1% risk of failure)
Confirm with . or Enter, or press ? or * to list all spells.
You feel a surge of power!
Malign forces permeate your being, awaiting release.
The cyclops hits you!!
A cyclops comes into view.
Casting: Death Channel (dangerous; 3% risk of failure)
Confirm with . or Enter, or press ? or * to list all spells.
You feel a surge of power!
You call upon the dead to rise.
The cyclops hits you!!
The cyclops throws a large rock.
The large rock hits you!!
You die...
Kikubaaqudgha rasps: "You have failed me!
Welcome... oblivion!"

... .#
..####.###
#........#
#........# .
#........#
...#...<....#
.#.....C....#
C......@....#
.#..........#
...#........#
. ##.#######
#. ##


You could see 2 cyclopes.

Vanquished Creatures
  A troll (D:9)
  A hornet (D:9)
  A shadow (D:10)
  5 slime creatures (D:9)
  2 wyverns
  Sigmund (D:2)
  7 yaks
  2 vampire mosquitoes (D:10)
  2 water moccasins
  An orc warrior (D:10)
  2 sky beasts
  An ice beast (Temple)
  2 centaurs (D:7)
  An ogre (D:5)
  A phantom (D:5)
  A kobold brigand (D:8)
  2 bullfrogs
  2 gnoll sergeants
  3 scorpions
  7 wights
  9 killer bees
  A howler monkey (D:7)
  3 jellies
  3 hounds (D:4)
  6 orc priests
  2 orc wizards
  Terence (D:2)
  5 iguanas
  5 adders
  14 gnolls
  2 worms
  2 dart slugs
  20 orcs
  A bat (D:3)
  9 endoplasms
  3 giant cockroaches
  5 goblins
  6 hobgoblins
  4 jackals (D:5)
  8 kobolds
  5 quokkas
  8 ball pythons
  4 frilled lizards
  3 rats
174 creatures vanquished.

Vanquished Creatures (collateral kills)
  Pikel (D:9)
  A kobold demonologist (D:6)
  A komodo dragon (D:10)
  A troll (D:9)
  A slime creature (D:9)
  4 yaks
  Menkaure (D:6)
  2 wargs (D:9)
  A centaur (D:8)
  A bullfrog (D:9)
  5 killer bees
  A howler monkey (D:8)
  An orc priest (D:10)
  An orc wizard (D:9)
  2 gnolls (D:9)
  2 white imps
  A dart slug (D:1)
  3 orcs
  2 ball pythons (D:1)
  A rat (D:1)
33 creatures vanquished.

Vanquished Creatures (others)
  A warg (D:9)
  4 yak zombies (D:9)
  An orc priest (D:9)
  A scorpion zombie (D:6)
  2 killer bee zombies (D:10)
  2 orc zombies
  An orc (D:9)
  3 gnoll zombies (D:9)
15 creatures vanquished.

Grand Total: 222 creatures vanquished

Notes
Turn   | Place    | Note
-------+----------+-------------------------------------------
     0 | D:1      | Dordric the Mummy Necromancer began the quest for the Orb.
     0 | D:1      | Reached XP level 1. HP: 13/13 MP: 4/4
    52 | D:1      | Reached skill level 3 in Spellcasting
   123 | D:1      | Reached XP level 2. HP: 19/19 MP: 0/6
   613 | D:1      | Found Jamustat's Magic Scroll Shop.
   743 | D:1      | Gained mutation: You are in touch with the powers of death.
                  | [Mummy growth]
   743 | D:1      | Reached XP level 3. HP: 22/24 MP: 6/8
   972 | D:1      | Learned a level 3 spell: Vampiric Draining
  1326 | D:2      | Noticed Sigmund
  1328 | D:2      | Reached skill level 4 in Spellcasting
  1402 | D:2      | Killed Sigmund
  1403 | D:2      | Reached skill level 5 in Spellcasting
  1403 | D:2      | Reached skill level 5 in Necromancy
  1403 | D:2      | Reached XP level 4. HP: 16/30 MP: 0/11
  1403 | D:2      | Reached XP level 5. HP: 18/35 MP: 0/12
  1577 | D:2      | Noticed Terence
  1581 | D:2      | Killed Terence
  1776 | D:2      | Identified the +0 robe "Hexeoxt" {rN++ Dex-4}
  2505 | D:3      | Reached XP level 6. HP: 41/41 MP: 11/14
  2762 | D:3      | Reached skill level 6 in Spellcasting
  3410 | D:4      | Learned a level 4 spell: Animate Dead
  4041 | D:4      | Found a sparkling altar of Nemelex Xobeh.
  4684 | D:5      | Entered Level 5 of the Dungeon
  4729 | D:5      | Reached XP level 7. HP: 41/46 MP: 4/17
  4903 | D:5      | Identified the +7 shortbow of Misery {speed, rPois Stlth+}
  4989 | D:5      | Reached skill level 7 in Spellcasting
  5877 | D:5      | Learned a level 5 spell: Agony
  6104 | D:6      | Identified the +0 leather armour of Hunulats {rElec rPois
                  | Str-5}
  6119 | D:6      | Reached skill level 8 in Spellcasting
  6194 | D:6      | Reached XP level 8. HP: 34/52 MP: 6/20
  6283 | D:6      | Found a staircase to the Ecumenical Temple.
  6335 | Temple   | Entered the Ecumenical Temple
  6428 | Temple   | Became a worshipper of Kikubaaqudgha
  6858 | Temple   | Reached skill level 9 in Spellcasting
  7107 | D:6      | Noticed a kobold demonologist
  7111 | D:6      | Noticed a hellwing
  7117 | D:6      | Killed a kobold demonologist
  7279 | D:6      | Noticed Menkaure
  7286 | D:6      | Killed Menkaure
  7287 | D:6      | Reached skill level 10 in Spellcasting
  7502 | D:6      | Reached XP level 9. HP: 57/57 MP: 13/23
  7980 | D:7      | Found a hide-covered altar of Uskayaw.
  8011 | D:7      | Found a radiant altar of Vehumet.
  8278 | D:7      | Reached * piety under Kikubaaqudgha
  8278 | D:7      | Received a gift from Kikubaaqudgha
  8282 | D:7      | Learned a level 2 spell: Cigotuvi's Dreadful Rot
  8480 | D:7      | Found a blossoming altar of Fedhas.
  8568 | D:7      | Reached skill level 11 in Spellcasting
  8785 | D:7      | Reached skill level 10 in Necromancy
  8946 | D:7      | Learned a level 1 spell: Kiss of Death
  9539 | D:8      | Identified the +1 helmet of the Arena {rCorr Str+4}
  9616 | D:8      | You fall into a shaft and drop 1 floor!
  9655 | D:8      | Reached skill level 12 in Spellcasting
  9787 | D:8      | Found a basalt altar of Yredelemnul.
  9788 | D:8      | Found a burning altar of Makhleb.
  9790 | D:8      | Found a broken altar of Ashenzari.
  9798 | D:8      | Learned a level 4 spell: Dispel Undead
  9805 | D:8      | Learned a level 6 spell: Death Channel
  9805 | D:8      | Found an iron altar of Okawaru.
 10031 | D:8      | Found a snail-covered altar of Cheibriados.
 10074 | D:8      | Learned a level 4 spell: Anguish
 10286 | D:9      | Reached ** piety under Kikubaaqudgha
 10287 | D:9      | Reached XP level 10. HP: 63/63 MP: 2/26
 10478 | D:9      | Reached skill level 13 in Spellcasting
 10699 | D:9      | Found a staircase to the Lair.
 11573 | D:9      | Found Mod Foug's Antique Armour Shop.
 11598 | D:9      | Reached skill level 14 in Spellcasting
 11772 | D:9      | Noticed Pikel
 11777 | D:9      | Killed Pikel
 11906 | D:10     | Entered Level 10 of the Dungeon
 11917 | D:9      | Reached XP level 11. HP: 24/42 MP: 22/29
 11997 | D:10     | HP: 1/44 [yak (10)]
 12000 | D:10     | Reached *** piety under Kikubaaqudgha
 12000 | D:10     | Received a gift from Kikubaaqudgha
 12171 | D:10     | Learned a level 6 spell: Simulacrum
 12399 | D:10     | Found a staircase to the Orcish Mines.
 13217 | D:11     | Hit by a large rock thrown by a cyclops

Illustrated notes

Levels and vault maps discovered:
D:1:      psy_arrival_radial02, layout_rooms, serial_shops,
          nicolae_shop_real_fake_doors, minmay_close_crescents
D:2:      layout_basic, hex_intersection, uniq_sigmund, uniq_terence
D:3:      layout_loops_corners
D:4:      layout_loops_ring, kennysheep_mini_moat
D:5:      layout_basic, nicolae_kite_square_tiling_tiny, minmay_misc_feat_chi
D:6:      layout_basic, minmay_temple_entry_stoned_glass, corexii_shack,
          uniq_menkaure
D:7:      layout_rooms, mainiacjoe_overflow_chevrons,
          mainiacjoe_overflow_catwalk, mainiacjoe_overflow_cross_hatched
D:8:      layout_cave_pools, amethyst_overflow_temple_binary,
          grunt_temple_overflow_open
D:9:      layout_gridville, erik_lair_orcish_takeover, serial_shops,
          nicolae_square_shop, uniq_pikel
D:10:     layout_loops_cross, orc_0_dummy
D:11:     layout_roguey, serial_co_window_serial, co_window_of_opportunity_a,
          co_window_corner_a, co_window_corner_a, co_window_of_opportunity_a,
          co_window_paths_a, co_window_broadway_c, co_window_2corner,
          co_window_corner_b, co_window_of_opportunity_c, co_window_2corner,
          co_window_broadway_b, co_window_corner_cb, glass_columns_a,
          glass_columns_b, glass_columns_a, glass_columns_a, glass_columns_c,
          uniq_psyche
Temple:   bh_familiar_temple

Skill      XL: |  1  2  3  4  5  6  7  8  9 10 11 |
---------------+----------------------------------+-----
Spellcasting   | 3 5 6 8 10 12 14 | 14.8
Necromancy     | 5 6 7 9 11 12 13 | 13.0
Dodging        | |  1.5
Stealth        | |  1.5

Action                     |  1- 3 |  4- 6 |  7- 9 | 10-12 || total
---------------------------+-------+-------+-------+-------++-------
  Melee: Unarmed           |    19 |       |       |       ||    19
         Dagger            |       |       |    91 |    10 ||   101
   Cast: Necrotise         |    50 |    82 |   196 |    60 ||   388
         Vampiric Draining |     2 |    11 |    40 |    41 ||    94
         Animate Dead      |       |     4 |     5 |     7 ||    16
         Death Channel     |       |       |     3 |    12 ||    15
         Anguish           |       |       |     2 |     3 ||     5
         Cigotuvi's Dreadf |       |       |     1 |       ||     1
         Kiss of Death     |       |       |       |     3 ||     3
         Dispel Undead     |       |       |       |     4 ||     4
  Evoke: Wand              |       |       |    21 |     1 ||    22
    Use: Scroll            |     2 |     8 |     4 |       ||    14
 Armour: Robe              |    10 |     2 |    54 |    19 ||    85
  Dodge: Dodged            |     9 |    16 |   140 |    46 ||   211
